 Dungeon Crawl Stone Soup version 0.31.0-11-ge490571c62 (webtiles) character file.

Game seed: 12758164655555496645

23 Rassilon the Trooper (level 2, -9/24 HPs)
             Began as a Demonspawn Monk on Feb 2, 2024.
             Mangled by Sigmund
             ... wielding a +2 scythe of protection
              (13 damage)
             ... on level 2 of the Dungeon.
             The game lasted 00:02:41 (635 turns).

Rassilon the Trooper (Demonspawn Monk)               Turns: 635, Time: 00:02:42

Health: -9/24      AC:  5    Str: 11    XL:     2   Next: 72%
Magic:  2/2        EV: 13    Int: 10    God:
Gold:   29         SH:  0    Dex: 15    Spells: 1/1 levels left

rFire   . .          .
                       - Unarmed
rCold   . . .        (no shield)
rNeg    . . .        a - +0 robe
rPois   .            b - +2 helmet
rElec   .            (no cloak)
rCorr   .            (no gloves)
SInv    .            (no boots)
Will    .....        (no amulet)
Stlth   +            (no ring)
HPRegen 0.24/turn    (no ring)
MPRegen 0.08/turn

%: no passive effects
@: no status effects
A: demonic magic 1
a: no special abilities


You were on level 2 of the Dungeon.
You visited 1 branch of the dungeon, and saw 2 of its levels.

You collected 29 gold pieces.

Inventory:

Armour
 a - a +0 robe (worn)
 b - a +2 helmet (worn)
Jewellery
 d - a ring of fire
Scrolls
 e - 2 scrolls of teleportation {unknown}
Potions
 f - a potion of ambrosia


   Skills:
 + Level 3.3 Fighting
 + Level 3.0 Dodging
 + Level 3.0 Unarmed Combat


You had one spell level left.
You didn't know any spells.
Your spell library contained the following spells:

 Spells                   Type           Power      Damage    Failure   Level
 Ensorcelled Hibernation  Hex/Ice        0%         N/A       50%         2
 Passwall                 Erth           0%         N/A       75%         3
 Swiftness                Air            0%         N/A       75%         3


Dungeon Overview and Level Annotations

Branches:
Dungeon (2/15)

Altars:

Annotations:
D:2 Natasha, Sigmund


Innate Abilities, Weirdness & Mutations

Spells you cast may paralyse adjacent enemies.


Message History

You climb downwards.
There is a stone staircase leading up here.
An endoplasm comes into view.
The endoplasm freezes you.
You are frozen.
You completely miss the endoplasm. You barely miss the endoplasm.
The endoplasm freezes you.
You are frozen.
You hit the endoplasm.
The endoplasm is almost dead.
The endoplasm freezes you.
You are frozen.
You completely miss the endoplasm.
The endoplasm is almost dead.
The endoplasm closely misses you.
You hit the endoplasm.
You kill the endoplasm!
HP restored.
Sigmund the Dreaded comes into view.
He is wielding a +2 scythe of protection.
Found a spear.
Sigmund shouts!
It was a potion of curing.
You feel better.
Sigmund casts a spell.
Sigmund flickers and vanishes!
Deactivating autopickup; reactivate with Ctrl-A.
Natasha, Servant of Life and Death comes into view.
Something hits you. Something hits you but does no damage.
You miss something. You hit something but do no damage.
You hear some strange, mumbled words.
A puff of flame appears from out of thin air!
The puff of flame hits you! Natasha casts a spell at you.
The magic dart hits you!
* * * LOW HITPOINT WARNING * * *
You closely miss something. Something hits you!
Ouch! That really hurt!
You die...

.. # .. #
#.#.#+#.###
.#.#.#.... .....
... ...
##.###.#.# #.#
#.# ......h{.#
#.# #.# #.@.# #.#
#.# .###...###.#
#.#
............###.#
..####.####..<#.#
#.####.###.#
#.#........#
#.########## #..
##


You could see Natasha.

Vanquished Creatures
  A dart slug (D:1)
  A ball python (D:1)
  3 endoplasms
  2 giant cockroaches (D:1)
  2 goblins (D:1)
  2 hobgoblins (D:1)
  2 quokkas (D:1)
  3 bats (D:1)
  A frilled lizard (D:1)
17 creatures vanquished.

Notes
Turn   | Place    | Note
-------+----------+-------------------------------------------
     0 | D:1      | Rassilon the Demonspawn Monk began the quest for the Orb.
     0 | D:1      | Reached XP level 1. HP: 18/18 MP: 1/1
   169 | D:1      | Gained mutation: Spells you cast may paralyse adjacent
                  | enemies. [demonic ancestry]
   169 | D:1      | Reached XP level 2. HP: 21/24 MP: 2/2
   629 | D:2      | Noticed Sigmund
   631 | D:2      | Noticed Natasha
   635 | D:2      | Mangled by Sigmund

Illustrated notes

Levels and vault maps discovered:
D:1:      lightli_arrival_chessboard, layout_rooms
D:2:      layout_basic, shapermc_ecumenical_altar_rom_forum, basic_altar,
          minmay_misc_feat_enclosed, kennysheep_generic_room_8, uniq_jessica,
          uniq_sigmund, uniq_natasha

Skill      XL: |  1  2 |
---------------+-------+-----
Dodging        | 3 |  3.0
Unarmed Combat | 3 |  3.0
Fighting       | |  3.3

Action                     || total
---------------------------++-------
  Melee: Unarmed           ||    70
    Use: Potion            ||     2
 Armour: Robe              ||    47
  Dodge: Dodged            ||    39
